 Dungeon Crawl Stone Soup version 0.21-a0-111-g52d2817 (webtiles) character file.

201 sagitran the Skirmisher (level 5, -1/41 HPs)
             Began as a Demonspawn Abyssal Knight on July 11, 2017.
             Was a Believer of Lugonu.
             Slain by a killer bee (4 damage)
             ... on level 4 of the Dungeon.
             The game lasted 00:10:02 (2655 turns).

sagitran the Skirmisher (Demonspawn Abyssal Knight) Turns: 2655, Time: 00:10:02

Health: -1/41      AC: 13    Str: 12 (13) XL:     5   Next: 50%
Magic:  7/7        EV:  6    Int: 11 (14) God:    Lugonu [**....]
Gold:   163        SH:  0    Dex: 10 (12) Spells: 4/4 levels left

rFire    + . .     SeeInvis .   c - -2 long sword (curse)
rCold    . . .     Gourm    .   (no shield)
rNeg     + . .     Faith    .   j - +2 chain mail {rF+}
rPois    .         Spirit   .   (no helmet)
rElec    .         Reflect  .   (no cloak)
rCorr    .         Harm     .   (no gloves)
MR       .....                  (no boots)
Stlth    ..........             (no amulet)
HPRegen  0.13/turn              n - ring of positive energy
MPRegen  0.10/turn              (no ring)

@: lethally poisoned (-1 -> -5)
A: iridescent scales 1
a: Depart the Abyss, Bend Space, Renounce Religion


You were on level 4 of the Dungeon.
You worshipped Lugonu.
Lugonu was pleased with you.
You were near starving.

You visited 1 branch of the dungeon, and saw 4 of its levels.
You visited the Abyss 1 time.

You collected 163 gold pieces.

Inventory:

Hand Weapons
 c - a cursed -2 long sword (weapon)
 g - a +3 whip
Armour
 b - a +0 leather armour
 j - a +2 chain mail of fire resistance (worn)
Jewellery
 n - a ring of positive energy (left hand)
Scrolls
 d - a scroll of magic mapping
 e - a scroll of fog {unknown}
 i - a scroll of remove curse {unknown}
 k - 2 scrolls of teleportation
 m - a scroll of enchant armour {unknown}
Potions
 a - a potion of degeneration
 l - 2 potions of agility {unknown}
Comestibles
 f - 3 fruits
 h - 2 royal jellies
 o - a bread ration


   Skills:
 + Level 3.5 Fighting
 + Level 1.2 Long Blades
 + Level 3.2 Maces & Flails
 + Level 3.1 Armour
 + Level 1.8 Dodging
 + Level 2.9 Invocations


You had 4 spell levels left.
You didn't know any spells.

Dungeon Overview and Level Annotations

Branches:
Dungeon (4/15)
 Temple: D:4-7

Altars:
Makhleb
Ru
Uskayaw
Yredelemnul

Annotations:
D:4 Pikel; wazuzu's ghost, amateur MfMo


Innate Abilities, Weirdness & Mutations

You are partially covered in iridescent scales. (AC +2)


Message History

The killer bee stings you but does no damage.
The killer bee barely misses you. The killer bee stings you.
The orc hits you but does no damage.
The killer bee stings you but does no damage.
The adder bites you. The killer bee stings you.
* * * LOW HITPOINT WARNING * * *
You are poisoned.
The killer bee poisons you! The orc hits you but does no damage.
You feel sick. The adder barely misses you.
You riposte.
You miss the adder. The killer bee stings you.
* * * LOW HITPOINT WARNING * * *
The adder bites you but does no damage.
Pikel the Slaver comes into view.
He is wielding a whip of freezing.
* * * LOW HITPOINT WARNING * * *
You feel sick. The killer bee barely misses you.
It was a potion of degeneration.
There was something very wrong with that liquid.
You feel weakened.
You feel dopey.
You feel clumsy. The killer bee stings you.
You die...

..W........###
.............. #
.............. #.
#######...<......
..
##....##[.........
..
#......#..........
#.
#.o...##.......##.
#..##yS..##########
#.@......K.
#.######### #. #.
#. #. #. ##


You could see Pikel, a killer bee, an adder and an orc.

Vanquished Creatures
  A howler monkey (D:4)
  Terence (D:3)
  Jessica (D:3)
  4 adders
  An ooze (D:1)
  4 dart slugs
  A leopard gecko (D:1)
  An orc (D:3)
  A ball python (D:1)
  A giant cockroach (D:2)
  6 hobgoblins
  8 jackals
  2 quokkas
  7 bats
  6 frilled lizards
  5 goblins
  6 kobolds
  7 rats
63 creatures vanquished.

Notes
Turn   | Place    | Note
-------+----------+-------------------------------------------
     0 | Abyss:1  | sagitran the Demonspawn Abyssal Knight began the quest for the Orb.
     0 | Abyss:1  | Reached XP level 1. HP: 18/18 MP: 2/2
    10 | D:1      | Escaped the Abyss
   489 | D:1      | Gained mutation: You are partially covered in iridescent scales. (AC +2) [demonic ancestry]
   489 | D:1      | Reached XP level 2. HP: 23/24 MP: 3/3
   549 | D:2      | Found a burning altar of Makhleb.
   779 | D:2      | Reached XP level 3. HP: 25/29 MP: 5/5
   841 | D:2      | Found a basalt altar of Yredelemnul.
   856 | D:2      | Found a sacrificial altar of Ru.
   953 | D:2      | Reached ** piety under Lugonu
   953 | D:2      | Reached skill level 1 in Dodging
  1310 | D:2      | Found a hide-covered altar of Uskayaw.
  1535 | D:1      | Reached XP level 4. HP: 27/35 MP: 6/6
  1727 | D:1      | Paralysed by fainting for 7 turns
  1745 | D:1      | Paralysed by fainting for 6 turns
  1771 | D:1      | Paralysed by fainting for 6 turns
  1801 | D:1      | Paralysed by fainting for 5 turns
  1982 | D:3      | Noticed Terence
  2002 | D:3      | Killed Terence
  2277 | D:3      | Noticed Jessica
  2287 | D:3      | Killed Jessica
  2287 | D:3      | Reached XP level 5. HP: 34/41 MP: 7/7
  2530 | D:4      | Noticed wazuzu's ghost (amateur MfMo)
  2648 | D:4      | Reached skill level 1 in Long Blades
  2654 | D:4      | Noticed Pikel
  2655 | D:4      | Slain by a killer bee

Vault maps used:
D:1:      dpeg_arrival_more_subterranean_lakeside_camping
D:2:      lemuel_doored_altar, yredelemnul_altar_generic, bloody_makhleb,
          solitary_fountain, minivault_23, nicolae_ru_sacrificial_ziggurat
D:3:      first_bread, uniq_jessica, uniq_terence
D:4:      nicolae_overflow_hidden_temple, vehumet_statue, uniq_pikel,
          uniq_sigmund

Skill      XL: |  1  2  3  4  5 |
---------------+----------------+-----
Maces & Flails | 2 3 |  3.2
Armour         | 2 3 |  3.1
Dodging        | 1 |  1.8
Long Blades    | 1 |  1.2
Fighting       | |  3.5
Invocations    | |  2.9

Action                   |  1- 3 |  4- 6 || total
-------------------------+-------+-------++-------
Melee: Mace              |    23 |       ||    23
       Whip              |    93 |    31 ||   124
       Long sword        |       |    94 ||    94
  Use: Scroll            |       |     3 ||     3
       Potion            |       |     3 ||     3
  Eat: Bread ration      |       |     1 ||     1
Armor: Leather armour    |     9 |       ||     9
       Ring mail         |    43 |    25 ||    68
       Chain mail        |       |   132 ||   132
Dodge: Dodged            |    89 |    87 ||   176
       Rpst.: Long sword |       |    23 ||    23
